 Dungeon Crawl Stone Soup version 0.27.0-1-g7a089689b8 (webtiles) character file.

Game seed: 3374601168803540986

38948 SkeletonJelly the Cruncher (level 13, -6/118 HPs)
             Began as a Minotaur Gladiator on Aug 14, 2021.
             Was a Believer of Uskayaw.
             Mangled by a dire elephant (29 damage)
             ... on level 6 of the Lair of Beasts.
             The game lasted 00:33:25 (22173 turns).

SkeletonJelly the Cruncher (Minotaur Gladiator)    Turns: 22173, Time: 00:33:25

Health: -6/118     AC: 22    Str: 24    XL:     13   Next: 66%
Magic:  21/21      EV: 10    Int:  5    God:    Uskayaw [**....]
Gold:   704        SH:  0    Dex: 12    Spells: 12/12 levels left

rFire    . . .     SeeInvis .   U - +1 quarterstaff (freeze)
rCold    . . .     Faith    +   (shield currently unavailable)
rNeg     . . .     Spirit   .   K - +0 plate armour
rPois    +         Reflect  .   c - +1 hat
rElec    .         Harm     .   (no cloak)
rCorr    .         Rampage  .   D - +0 pair of gloves
Will     .....                  (no boots)
Stlth    ..........             C - amulet of faith
HPRegen  0.29/turn              w - +4 ring of protection
MPRegen  0.17/turn              H - ring of poison resistance

@: no status effects
A: horns 2, retaliatory headbutt
a: Renounce Religion, Stomp, Line Pass


You were on level 6 of the Lair of Beasts.
You worshipped Uskayaw.
Uskayaw was pleased with you.
You visited 3 branches of the dungeon, and saw 17 of its levels.
You also visited: Sewer.

You collected 704 gold pieces.

Inventory:

Hand Weapons
 a - a +0 quarterstaff of venom
 U - a +1 quarterstaff of freezing (weapon)
Missiles
 b - 5 curare-tipped darts
 d - 9 throwing nets
 j - 53 poisoned darts (quivered)
Armour
 c - a +1 hat (worn)
 t - the +7 ring mail of Qeawas {rF- Regen+ Int+3}
   (You found it on level 5 of the Lair of Beasts)

   Int:       It affects your intelligence (+3).
   rF:        It makes you vulnerable to fire.
   Regen:     It increases your rate of health regeneration.
 D - a +0 pair of gloves (worn)
 K - a +0 plate armour (worn)
Jewellery
 w - a +4 ring of protection (left hand)
 C - an amulet of faith (around neck)
 F - a ring of see invisible
 H - a ring of poison resistance (right hand)
 N - an amulet of the acrobat
 T - a ring of ice
 X - an amulet of reflection
Wands
 p - a wand of digging (15)
 y - a wand of paralysis (20)
 L - a wand of iceblast (4)
 M - a wand of flame (54)
 P - a wand of acid (1)
 Q - a wand of polymorph (9)
 V - a wand of charming (9)
 Z - a wand of mindburst (23)
Scrolls
 f - 7 scrolls of teleportation
 o - a scroll of summoning
 q - 3 scrolls of brand weapon
 s - 5 scrolls of fog
 u - 3 scrolls of fear
 x - a scroll of magic mapping
 z - 3 scrolls of blinking
 A - 6 scrolls of identify
 B - 2 scrolls of noise
 E - a scroll of vulnerability
 I - a scroll of immolation
 W - 2 scrolls of enchant armour
Potions
 e - a potion of resistance {unknown}
 g - 6 potions of curing
 h - 4 potions of heal wounds
 i - 2 potions of ambrosia {unknown}
 k - 4 potions of haste
 l - 2 potions of brilliance {unknown}
 m - 2 potions of cancellation {unknown}
 n - 2 potions of might {unknown}
 r - 3 potions of degeneration {unknown}
 v - 3 potions of invisibility {unknown}
 G - 2 potions of magic {unknown}
 J - 2 potions of lignification {unknown}
 O - a potion of mutation {unknown}
 R - a potion of attraction {unknown}


   Skills:
 - Level 12.0 Fighting
 - Level 14.0 Staves
 - Level 2.0 Throwing
 + Level 12.4 Armour
 + Level 9.6 Dodging
 + Level 12.4 Invocations


You had 12 spell levels left.
You didn't know any spells.
Your spell library contained the following spells:

 Spells                   Type           Power      Damage    Failure   Level
 Magic Dart               Conj           0%         1d3       99%         1
 Blink                    Tloc           N/A        N/A       100%        2
 Call Imp                 Summ           0%         N/A       100%        2
 Searing Ray              Conj           0%         3d3       100%        2
 Conjure Flame            Conj/Fire      0%         6-21      100%        3
 Dazzling Flash           Conj/Hex       0%         N/A       100%        3
 Ignite Poison            Fire/Tmut/Pois 0%         N/A       100%        3
 Lesser Beckoning         Tloc           0%         N/A       100%        3
 Mephitic Cloud           Conj/Pois/Air  0%         N/A       100%        3
 Animate Dead             Necr           0%         N/A       100%        4
 Fulminant Prism          Conj/Hex       0%         3d6       100%        4
 Iskenderun's Mystic Bla  Conj/Tloc      0%         2d3       100%        4
 Sticky Flame             Conj/Fire      0%         2d3       100%        4
 Manifold Assault         Tloc           0%         N/A       100%        5
 Starburst                Conj/Fire      0%         8x6d3     100%        6
 Haunt                    Necr/Summ      0%         N/A       100%        7
 Infestation              Necr           0%         N/A       100%        8


Dungeon Overview and Level Annotations

Branches:
Dungeon (10/15)            Temple (1/1) D:4            Lair (6/6) D:10
 Shoals (0/4) Lair:3        Snake (0/4) Lair:3          Orc (0/2) D:10
  Sewer (visited)
  Slime: Lair:5-6

Altars:
Ashenzari
Cheibriados
Dithmenos
Elyvilon
Fedhas
Gozag
Hepliaklqana
Kikubaaqudgha
Makhleb
Nemelex Xobeh
Okawaru
Qazlal
Ru
Sif Muna
Trog
Uskayaw
Vehumet
Wu Jian
Xom
Yredelemnul
Zin
The Shining One
Beogh

Shops:
D:5 (

Annotations:
Lair:3 1 runed translucent door, Xiemaice's ghost, journeyman DrFE


Innate Abilities, Weirdness & Mutations

You have a pair of horns on your head.
You reflexively headbutt those who attack you in melee.


Message History

The cane toad is moderately wounded.
The cane toad stings you!
Uskayaw will force your foes to helplessly watch your dance.
Uskayaw prepares the audience for your solo!
The helpless cane toad fails to defend itself.
You sock the cane toad! You freeze the cane toad!
You headbutt the cane toad, but do no damage.
The cane toad is severely wounded.
Uskayaw prepares the audience for your solo!
The helpless cane toad fails to defend itself.
You pound the cane toad like an anvil!!!
You freeze the cane toad.
You kill the cane toad!
Uskayaw will force your foes to share their pain.
No target in view!
No target in view!
No target in view!
No target in view!
No target in view!
You can no longer pass through a line of other dancers.
A dire elephant comes into view.
A dire elephant is nearby!
A dire elephant is nearby!
A dire elephant is nearby!
A dire elephant is nearby!
A dire elephant is nearby!
You throw a poisoned dart.
The poisoned dart hits the dire elephant.
The dire elephant is poisoned.
The dire elephant trumpets!
You hear a splash.
You throw a poisoned dart.
The poisoned dart hits the dire elephant.
The dire elephant looks even sicker.
You throw a poisoned dart.
The poisoned dart hits the dire elephant.
The dire elephant looks even sicker.
You hear a splash.
You throw a poisoned dart.
The poisoned dart hits the dire elephant.
The dire elephant is lightly wounded.
You throw a poisoned dart.
The poisoned dart hits the dire elephant.
The dire elephant is lightly wounded.
You throw a poisoned dart.
The poisoned dart hits the dire elephant.
The dire elephant looks as sick as possible!
The dire elephant is lightly wounded.
You hear a splash.
You throw a poisoned dart.
The poisoned dart hits the dire elephant.
The dire elephant looks as sick as possible!
The dire elephant is lightly wounded.
You hear a splash.
You hit the dire elephant but do no damage.
You headbutt the dire elephant.
The dire elephant is lightly wounded.
The dire elephant tramples you!
You hold your ground!
The dire elephant trunk-slaps you but does no damage.
You thump the dire elephant! You freeze the dire elephant.
The dire elephant is moderately wounded.
You hit the dire elephant but do no damage.
You headbutt the dire elephant, but do no damage.
The dire elephant is moderately wounded.
The dire elephant tramples you but does no damage.
The dire elephant barely misses you.
You bludgeon the dire elephant!! You freeze the dire elephant.
You headbutt the dire elephant.
The dire elephant is heavily wounded.
The dire elephant tramples you!
You hold your ground!
The dire elephant barely misses you.
You can now pass through a line of other dancers.
You are too injured to fight recklessly!
You are too injured to fight recklessly!
You are too injured to fight recklessly!
You are too injured to fight recklessly!
You are too injured to fight recklessly!
You are too injured to fight recklessly!
You are too injured to fight recklessly!
You are too injured to fight recklessly!
You hit the dire elephant. You freeze the dire elephant.
You headbutt the dire elephant.
The dire elephant is heavily wounded.
You hit the dire elephant. You freeze the dire elephant.
The dire elephant is heavily wounded.
The dire elephant tramples you.
You hold your ground!
The dire elephant trunk-slaps you.
You hit the dire elephant but do no damage.
You headbutt the dire elephant.
The dire elephant is heavily wounded.
You hit the dire elephant but do no damage.
The dire elephant is severely wounded.
The dire elephant tramples you!!
* * * LOW HITPOINT WARNING * * *
You hold your ground!
The dire elephant trunk-slaps you but does no damage.
You hit the dire elephant but do no damage.
You headbutt the dire elephant, but do no damage.
The dire elephant is heavily wounded.
The dire elephant tramples you!!
You die...

#####..##P... ####P....
##.... ##... ### ##...
#.# ###.... ###
###.####.##...
####.##.###........#....
≈.≈.≈.†@.≈.≈.≈≈.≈.......
#≈≈##≈Y##≈≈##≈≈##.....##
≈≈≈(≈#≈≈.##≈≈≈#.....##
≈≈#.(≈≈≈≈P≈≈≈≈≈≈≈≈.....#
≈.(.≈≈≈≈≈≈≈.≈≈≈≈≈......
##(≈P≈≈#.#####≈##.......
((#≈≈≈.≈⌠#8≈≈≈≈≈#.......
≈#.≈≈#≈≈≈#≈≈≈≈≈≈≈.......
#≈≈≈≈≈≈≈≈...†..


You could see a dire elephant (very poisoned).

Vanquished Creatures
  3 boulder beetles
  Josephine (Lair:4)
  Fannar (D:10)
  Harold (D:8)
  3 hydras
  Erolcha (D:9)
  Erica (Lair:2)
  A merfolk avatar (Lair:6)
  A two-headed ogre (D:9)
  Sonja (Lair:1)
  A sea snake (Lair:6)
  A lindwurm (Lair:5)
  2 harpies (Lair:6)
  3 slime creatures (D:7)
  Joseph (D:8)
  2 black mambas (Lair:5)
  Maggie (D:7)
  6 cane toads
  2 rime drakes
  10 komodo dragons
  5 polar bears
  A hornet (D:5)
  2 trolls (D:10)
  13 blink frogs
  3 snapping turtles
  6 wyverns
  4 wraiths
  A vampire (D:10)
  A shadow (D:5)
  2 basilisks
  A steam dragon (D:5)
  41 yaks
  Grum (D:8)
  4 nagas (Lair:3)
  13 water moccasins
  2 acid dragons (D:10)
  4 orc warriors
  3 ice beasts
  3 black bears
  7 ogres
  15 wolves
  A necrophage (D:4)
  3 centaurs
  2 phantoms (D:5)
  A kobold brigand (D:8)
  8 bullfrogs
  3 scorpions (D:5)
  3 jellies
  3 wyvern zombies
  A water moccasin skeleton (D:5)
  16 killer bees
  A howler monkey (D:5)
  An electric eel (Lair:4)
  2 bullfrog zombies
  A centaur zombie (D:9)
  4 hounds
  6 orc priests
  2 bullfrog skeletons
  3 centaur skeletons
  3 iguanas
  A gnoll shaman (D:5)
  A scorpion zombie (D:5)
  10 orc wizards
  A killer bee zombie (D:5)
  2 hound skeletons (D:5)
  Robin (D:2)
  A howler monkey zombie (D:10)
  11 adders
  3 river rats (Sewer)
  A shadow imp (D:6)
  2 white imps
  An ufetubus (D:6)
  A worm (D:3)
  A dart slug (D:2)
  48 orcs
  7 endoplasms
  10 giant cockroaches
  14 goblins
  10 hobgoblins
  8 jackals
  18 kobolds
  4 quokkas
  10 ball pythons
  A ball python skeleton (D:2)
  A ball python zombie (D:2)
  5 bats
  11 frilled lizards
  A jackal skeleton (D:2)
  10 rats
434 creatures vanquished.

Vanquished Creatures (others)
  14 fungi
  46 plants
60 creatures vanquished.

Grand Total: 494 creatures vanquished

Notes
Turn   | Place    | Note
-------+----------+-------------------------------------------
     0 | D:1      | SkeletonJelly the Minotaur Gladiator began the quest for
                  | the Orb.
     0 | D:1      | Reached XP level 1. HP: 18/18 MP: 0/0
   277 | D:1      | Reached skill level 4 in Staves
   277 | D:1      | Reached XP level 2. HP: 25/25 MP: 1/1
   575 | D:1      | Reached XP level 3. HP: 19/31 MP: 2/2
  1243 | D:2      | Found a sacrificial altar of Ru.
  1713 | D:2      | Found a faded altar of an unknown god.
  1713 | D:2      | Noticed Robin
  1787 | D:2      | Killed Robin
  1788 | D:2      | Reached XP level 4. HP: 30/40 MP: 3/3
  1793 | D:2      | Reached skill level 5 in Staves
  2928 | D:4      | Reached XP level 5. HP: 40/47 MP: 4/4
  2936 | D:4      | Reached skill level 5 in Fighting
  3016 | D:4      | Noticed a necrophage
  3023 | D:4      | Killed a necrophage
  3024 | D:4      | Reached skill level 6 in Staves
  3024 | D:4      | Reached XP level 6. HP: 55/56 MP: 5/5
  3355 | D:4      | Found a glowing drain.
  3381 | Sewer    | Entered a sewer
  3533 | Sewer    | Reached skill level 7 in Staves
  3840 | D:4      | Found a staircase to the Ecumenical Temple.
  3858 | D:4      | Found an ornate altar of the Wu Jian Council.
  3869 | D:4      | Reached XP level 7. HP: 50/64 MP: 6/6
  4298 | Temple   | Entered the Ecumenical Temple
  4714 | D:5      | Entered Level 5 of the Dungeon
  4905 | D:5      | Noticed a steam dragon
  4911 | D:5      | Killed a steam dragon
  4912 | D:5      | Reached skill level 8 in Staves
  5087 | D:5      | Noticed a shadow
  5102 | D:5      | Killed a shadow
  5103 | D:5      | Reached XP level 8. HP: 45/75 MP: 7/7
  5306 | D:5      | Reached skill level 9 in Staves
  5904 | D:5      | Noticed a hornet
  5911 | D:5      | Killed a hornet
  5912 | D:5      | Reached skill level 10 in Fighting
  5912 | D:5      | Reached skill level 10 in Staves
  5981 | D:5      | Reached XP level 9. HP: 66/85 MP: 8/8
  6483 | D:5      | Found Jahywk's Weapon Emporium.
  6513 | D:5      | Found a shadowy altar of Dithmenos.
  6515 | D:5      | Found a hide-covered altar of Uskayaw.
  6523 | D:5      | Found a blossoming altar of Fedhas.
  6533 | D:5      | Became a worshipper of Uskayaw the Reveller
  6596 | D:5      | Reached * piety under Uskayaw
  6811 | D:5      | Reached ** piety under Uskayaw
  6814 | D:5      | Reached *** piety under Uskayaw
  6816 | D:5      | Reached skill level 11 in Staves
  7049 | D:5      | Found a basalt altar of Yredelemnul.
  7226 | D:6      | Reached **** piety under Uskayaw
  7228 | D:6      | Reached ***** piety under Uskayaw
  8054 | D:6      | Reached skill level 12 in Staves
  8657 | D:7      | Killed a large slime creature
  8658 | D:7      | Reached XP level 10. HP: 70/97 MP: 9/9
  8663 | D:7      | Reached skill level 1 in Invocations
  8670 | D:7      | Reached ****** piety under Uskayaw
  9064 | D:7      | Noticed Maggie
  9076 | D:7      | Killed Maggie
  9077 | D:7      | Reached skill level 13 in Staves
  9126 | D:7      | Found a radiant altar of Vehumet.
  9727 | D:8      | Noticed Joseph
  9734 | D:8      | Killed Joseph
 10040 | D:8      | Noticed Grum
 10051 | D:8      | Killed Grum
 10392 | D:8      | Reached skill level 5 in Invocations
 10543 | D:8      | Noticed Harold
 10559 | D:8      | Killed Harold
 10560 | D:8      | Reached skill level 14 in Staves
 10866 | D:9      | Noticed Erolcha
 10876 | D:9      | Killed Erolcha
 10938 | D:9      | Reached skill level 1 in Armour
 10938 | D:9      | Reached XP level 11. HP: 104/104 MP: 15/15
 11071 | D:9      | Found an iron altar of Okawaru.
 11667 | D:9      | Noticed a two-headed ogre
 11669 | D:9      | Killed a two-headed ogre
 12024 | D:10     | Entered Level 10 of the Dungeon
 12074 | D:10     | Found a staircase to the Lair.
 12156 | D:10     | Noticed Fannar
 12169 | D:10     | Killed Fannar
 12170 | D:10     | Reached skill level 5 in Armour
 12904 | D:10     | Found a staircase to the Orcish Mines.
 13783 | D:10     | Found a shimmering altar of Xom.
 13784 | D:10     | Found a hazy altar of Hepliaklqana.
 14144 | Lair:1   | Entered Level 1 of the Lair of Beasts
 14422 | Lair:1   | Noticed Sonja
 14431 | Lair:1   | Killed Sonja
 14646 | Lair:1   | Reached XP level 12. HP: 90/112 MP: 18/18
 14947 | Lair:1   | Reached skill level 10 in Invocations
 15347 | Lair:1   | Noticed a five-headed hydra
 15355 | Lair:1   | Killed a five-headed hydra
 15777 | Lair:2   | Noticed a seven-headed hydra
 15789 | Lair:2   | Killed a seven-headed hydra
 15790 | Lair:2   | Reached skill level 5 in Dodging
 16168 | Lair:2   | Noticed Erica
 16180 | Lair:2   | Killed Erica
 16891 | Lair:3   | Reached skill level 10 in Armour
 16978 | Lair:3   | Found a staircase to the Snake Pit.
 17147 | Lair:3   | Found a runed translucent door.
 17147 | Lair:3   | Noticed Xiemaice's ghost (journeyman DrFE)
 17811 | Lair:3   | Found a staircase to the Shoals.
 18061 | Lair:3   | Found an ornate altar of the Wu Jian Council.
 18064 | Lair:3   | Noticed a boulder beetle
 18065 | Lair:3   | Found a hide-covered altar of Uskayaw.
 18093 | Lair:3   | Killed a boulder beetle
 18572 | Lair:4   | You fall into a shaft and drop 2 floors!
 18572 | Lair:6   | Entered Level 6 of the Lair of Beasts
 18735 | Lair:4   | Reached XP level 13. HP: 54/118 MP: 20/20
 19503 | Lair:4   | Noticed Josephine
 19513 | Lair:4   | Killed Josephine
 20982 | Lair:5   | Identified the +7 ring mail of Qeawas {rF- Regen+ Int+3}
 21697 | Lair:6   | HP: 2/118 [polar bear (12)]
 22157 | Lair:6   | Noticed a dire elephant
 22173 | Lair:6   | Mangled by a dire elephant

Illustrated notes

Levels and vault maps discovered:
D:1:      dpeg_arrival_prison, layout_rooms, serial_forest,
          infiniplex_forest_lined_corner, infiniplex_forest_pool,
          infiniplex_forest_lined_room_3, infiniplex_forest_end_3,
          infiniplex_forest_clump_medium, infiniplex_forest_end_3,
          infiniplex_forest_straight_2, infiniplex_forest_end_double,
          wander_ebering_terrifying_dragon_lair
D:2:      layout_basic, shapermc_ecumenical_altar_notcrosses, basic_altar,
          serial_undead, serial_undead_d, serial_undead_f, serial_undead_a,
          serial_undead_d, serial_undead_c, uniq_robin
D:3:      layout_loops_ring
D:4:      layout_basic, mainiacjoe_overflow_24_doors, temple_fountains,
          gup_sewer_entry_glass
D:5:      cheibrodos_fzero, layout_loops_corners, grunt_temple_overflow_open,
          lemuel_coloured_pillars_altar, serial_shops, nicolae_shop_crystal
D:6:      layout_loops_ring, grunt_ministairs_7, corner_web_ring,
          minmay_strange_pillars, minmay_misc_feat_chi, hex_medium,
          minmay_misc_feat_hallway, minmay_misc_feat_tower,
          kennysheep_decorative_pillar, corexii_item_surrounded_by_moat,
          dk_vineyard_2
D:7:      layout_rooms, vehumet_altar_wand_db, uniq_maggie
D:8:      layout_loops_corners, minmay_misc_feat_roman, item_on_display_a,
          uniq_joseph, uniq_harold, uniq_grum
D:9:      layout_roguey, kennysheep_little_box, uniq_erolcha
D:10:     layout_loops_ring, regret_index_temple_of_mockery, lair_entry_dummy,
          david_orc_5, minivault_1, uniq_fannar
Temple:   nicolae_temple_figure_eight
Lair:1:   layout_concentric_octagons, serial_bayou_pond_d,
          chequers_serial_rivers_room_a, uniq_sonja
Lair:2:   layout_chaotic_city, grunt_forest_small_clearing_treed, uniq_erica
Lair:3:   layout_cave_pods, minmay_shoals_entry_hut,
          minmay_snake_entry_guardpost_small, hellmonk_ghost_happy_afterlife,
          nzn_masters_of_martial_movement
Lair:4:   layout_gridlike, lookout_lair_type, uniq_josephine
Lair:5:   layout_roguey, minivault_23
Lair:6:   gammafunk_lair_ancient_temple, layout_cave_pods, slime_dummy

Skill      XL: |  1  2  3  4  5  6  7  8  9 10 11 12 13 |
---------------+----------------------------------------+-----
Staves         | 4 5 6 7 8 10 12 14 | 14.0
Fighting       | 3 4 5 6 8 10 12 | 12.0
Invocations    | 6 9 11 12 | 12.4
Armour         | 1 8 11 12 | 12.4
Dodging        | 7 9 |  9.6
Throwing       | |  2.0

Action                   |  1- 3 |  4- 6 |  7- 9 | 10-12 | 13-15 || total
-------------------------+-------+-------+-------+-------+-------++-------
Melee: Quarterstaff      |   112 |   127 |   259 |   643 |   246 ||  1387
       Headbutt          |    22 |    27 |    63 |   150 |    57 ||   319
Throw: Dart              |       |     5 |       |     8 |     7 ||    20
       Throwing net      |       |       |       |     1 |       ||     1
Invok: Stomp             |       |       |       |     1 |     3 ||     4
       Grand Finale      |       |       |       |       |     1 ||     1
Evoke: Wand              |       |       |       |     7 |    11 ||    18
  Use: Scroll            |       |     5 |       |       |    11 ||    16
       Potion            |       |       |     3 |     1 |     2 ||     6
 Stab: Paralysed         |       |       |     5 |    77 |    30 ||   112
       Held in net/web   |       |       |       |     2 |       ||     2
Armor: Ring mail         |    32 |     4 |       |       |       ||    36
       Leather armour    |     1 |       |       |       |       ||     1
       Scale mail        |       |    35 |    89 |   110 |       ||   234
       Plate armour      |       |       |       |    87 |   134 ||   221
Dodge: Dodged            |    49 |    54 |   120 |   180 |    92 ||   495
